[Event "1er tournoi de GMI du C'Chartres Echecs"]
[Site "Chartres, France"]
[Date "2020.10.02"]
[Round "5.4"]
[White "FEDORCHUK, Sergey"]
[Black "DAVID, Alberto"]
[Result "1-0"]
[WhiteElo "2615"]
[BlackElo "2520"]
[PlyCount "71"]
[EventDate "2020.??.??"]
[TimeControl "90+30"]
[WhiteClock "0:03:29"]
[BlackClock "0:02:59"]

1. e4 c6 2. d4 d5 3. Nd2 dxe4 4. Nxe4 Nf6 5. Nxf6+ exf6 6. c3 Bd6 7. Bd3 O-O 8. Qc2 Re8+ 9. Ne2 h5 10. Be3 Nd7 11. O-O-O Nf8 12. Kb1 Be6 13. c4 Rc8 14. Nc3 Ng6 15. Rhe1 Bb4 16. f4 Bg4 17. Rc1 Bxc3 18. bxc3 Bd7 19. f5 Ne7 20. h3 b5 21. g4 bxc4 22. Bxc4 Nd5 23. Bd2 Qc7 24. Qd3 Nb6 25. Ba6 Rb8 26. Ka1 Qd6 27. Rg1 Qa3 28.
Rc2 h4 29. Bf4 Rbd8 30. g5 Qa5 31. gxf6 Bxf5 32. Rxg7+ Kh8 33. Qd2 Qxa6 34. Be5 Qd3 35. Qh6+ Bh7 36. Rxf7 1-0

[Event "1er tournoi de GMI du C'Chartres Echecs"]
[Site "Chartres, France"]
[Date "2020.10.02"]
[Round "6.4"]
[White "DUBOUE, Peio"]
[Black "FEDORCHUK, Sergey"]
[Result "0-1"]
[WhiteElo "2439"]
[BlackElo "2615"]
[PlyCount "100"]
[EventDate "2020.??.??"]
[TimeControl "90+30"]
[WhiteClock "0:03:23"]
[BlackClock "0:03:26"]

1. e4 c5 2. c3 d5 3. exd5 Qxd5 4. d4 Nf6 5. Nf3 e6 6. Be3 cxd4 7. cxd4 Bb4+ 8. Nc3 Bd7 9. Be2 Bb5 10. O-O Bxc3 11. bxc3 O-O 12. Rb1 Bxe2 13. Qxe2 b6 14. c4 Qe4 15. Rfc1 Nc6 16. Ng5 Qg6 17. Nh3 Rfd8 18. Qb2 h6 19. Nf4 Qe4 20. Ne2 Rac8 21. Qc2 e5 22. d5 Qxc2 23. Rxc2 Ne7 24. Rbc1 Nf5 25. Ng3 Nxg3 26. hxg3 Rd7 27. f4 Ng4 28. Bd2 exf4 29. gxf4 Rdc7 30. d6 Rc6 31. Bb4 Nf6 32. Ba3 Re8 33. c5 bxc5 34. Rxc5 Rxd6 35. Rc8 Rd1+ 36. Rxd1 Rxc8 37. Be7 Ne4 38. Rd7 a6 39. Ra7 Rc1+ 40. Kh2 Rc6 41. a4 Nc3 42. a5 Nd5 43.
Bd8 Nxf4 44. Bb6 Rc2 45. Rxa6 Rxg2+ 46. Kh1 Ra2 47. Ra8+ Kh7 48. a6 Nd5 49. Bd4 Nc7 50. Rf8 Ne6 0-1

[Event "1er tournoi de GMI du C'Chartres Echecs"]
[Site "Chartres, France"]
[Date "2020.10.03"]
[Round "8.4"]
[White "LAMARD, Guillaume"]
[Black "FEDORCHUK, Sergey"]
[Result "1/2-1/2"]
[WhiteElo "2486"]
[BlackElo "2615"]
[PlyCount "67"]
[EventDate "2020.??.??"]
[TimeControl "90+30"]
[WhiteClock "0:08:03"]
[BlackClock "0:03:43"]

1. d4 Nf6 2. c4 e6 3. g3 Bb4+ 4. Nd2 c5 5. a3 Bxd2+ 6. Qxd2 cxd4 7. Nf3 b6 8. Bg2 Bb7 9. O-O Bxf3 10. exf3 Nc6 11. b3 Rc8 12. f4 d5 13. cxd5 Nxd5 14. Bb2 O-O 15. Rfd1 Nc3 16. Bxc3 dxc3 17. Qxc3 Na5 18. Qf3 Qf6 19. b4 Rc3 20. Qe4 Nc4 21. a4 g6 22. Bf1 Rc8 23. Rd4 a5 24. bxa5 Nxa5 25. Rb1 Nb3 26. Rd6 Qe7 27. Rbd1 Rc1 28. Rxc1 Rxc1 29. Qd3 Qc7 30. Rd7 Qc3 31. Qxc3 Rxc3 32. Rd6 Nc5 33. Bb5 Rb3 34. Rc6 1/2-1/2